 Dungeon Crawl Stone Soup version 0.31-a0-538-gbc85326fa9 (webtiles) character file.

Game seed: 14368894419288467898

570 Zonian the Ruffian (level 7, 0/47 HPs)
             Began as an Octopode Shapeshifter on Aug 13, 2023.
             Succumbed to Dowan's poison
             ... on level 4 of the Dungeon.
             The game lasted 00:06:34 (3892 turns).

Zonian the Ruffian (Octopode Shapeshifter)          Turns: 3892, Time: 00:06:35

Health: 0/47       AC:  1    Str: 15 (16) XL:     7   Next: 34%
Magic:  7/7        EV: 14    Int:  9 (11) God:
Gold:   153        SH:  0    Dex: 10 (12) Spells: 6/6 levels left

rFire   . .          .
                       - Unarmed
rCold   . . .        (no shield)
rNeg    . . .        (helmet currently unavailable)
rPois   .            (no amulet)
rElec   .            (no ring)
rCorr   .            (no ring)
SInv    .            (no ring)
Will    +....        (no ring)
Stlth   ++           (no ring)
HPRegen 0.27/turn    (no ring)
MPRegen 0.10/turn    (no ring)
                     (no ring)

%: no passive effects
@: lethally poisoned (0 -> -3), beast-form, attractive, enlightened, flying
A: beast (slay +2), almost no armour, amphibious, 8 rings, camouflage 1,
gelatinous body 1, (nimble swimmer 1), tentacles
a: Begin Untransformation


You were on level 4 of the Dungeon.
You were a hulking beast.
You visited 1 branch of the dungeon, and saw 4 of its levels.

You collected 153 gold pieces.

Inventory:

Hand Weapons
 n - a +2 dagger of chaos
Jewellery
 l - an amulet of the acrobat
Talismans
 b - a beast talisman (active)
 c - a flux talisman
Wands
 p - a wand of flame (16)
Scrolls
 f - 3 scrolls of identify {unknown}
 h - 2 scrolls of enchant armour {unknown}
 k - 3 scrolls of brand weapon
 m - 2 scrolls of fear {unknown}
 q - a scroll of torment {unknown}
 r - a scroll of teleportation {unknown}
 s - a scroll of acquirement {unknown}
Potions
 a - a potion of lignification
 d - 2 potions of enlightenment
 e - a potion of attraction
 g - a potion of brilliance {unknown}
 i - a potion of haste {unknown}
 j - a potion of ambrosia {unknown}
 o - a potion of degeneration
 t - a potion of mutation {unknown}


   Skills:
 + Level 3.7 Fighting
 + Level 4.1 Dodging
 + Level 4.8 Unarmed Combat
 + Level 4.3 Shapeshifting


You had 6 spell levels left.
You didn't know any spells.
Your spell library contained the following spells:

 Spells                   Type           Power      Damage    Failure   Level
 Gell's Gravitas          Tloc           0%         N/A       77%         3
 Teleport Other           Tloc           0%         N/A       77%         3
 Iskenderun's Battlesphe  Conj           0%         2d6       100%        5
 Dispersal                Tloc           0%         N/A       100%        6
 Leda's Unmaking          Conj/Erth      0%         9d1       100%        6
 Spellforged Servitor     Conj/Summ      0%         N/A       100%        7


Dungeon Overview and Level Annotations

Branches:
Dungeon (4/15)
 Temple: D:4-7

Altars:
Ru

Shops:
D:4 :

Annotations:
D:3 1 runed translucent door
D:4 3 runed translucent doors, Blork the orc; Dowan; lxXxl's ghost, novice GrWn


Innate Abilities, Weirdness & Mutations

You are a hulking beast.
Your limbs bulge with bestial killing power. (Slay +2)
You cannot wear most types of armour.
You are amphibious.
You can wear up to eight rings at the same time.
Your skin changes colour to match your surroundings (Stealth+).
Your rubbery body absorbs attacks. (AC +1, EV +1)
((You are camouflaged when in or above water. (Stealth+)))
You have tentacles for arms and can constrict up to eight enemies at once.


Message History

Dowan gestures wildly while chanting.
Dowan blinks!
Dowan mumbles some strange words.
Dowan blinks!
Dowan casts a spell.
Dowan blinks!
Dowan mumbles some strange words.
Dowan blinks!
Dowan hits you with a +0 dagger of venom.
Dowan barely misses you.
You closely miss Dowan. You grab Dowan. You constrict Dowan.
Dowan hits you with a +0 dagger of venom.
You are poisoned.
You tentacle-slap Dowan. x2
Dowan is moderately wounded.
You constrict Dowan.
You feel very sick.
Dowan mumbles some strange words.
Dowan struggles to blink free from constriction.
Dowan casts a spell.
Dowan blinks free!
You feel sick.
You feel sick. Dowan casts a spell at you. The shard of ice hits you!!
Unknown command.
It was a potion of enlightenment.
You feel very buoyant.
You fly up into the air.
You feel sick. Dowan casts a spell at you. The shard of ice hits you!
* * * LOW HITPOINT WARNING * * *
It was a potion of attraction.
You feel attractive to monsters.
* * * LOW HITPOINT WARNING * * *
You feel sick. Dowan is attracted toward you.
It was a potion of degeneration.
There was something very wrong with that liquid.
You feel weakened.
You feel dopey.
You feel clumsy.
You die...

#.###......# . .. #.
#.######...# .
.###'#######............
........................
........................
.............####......
.............####.....
#............# ....
#...h#####...# ...
#...e#####†..######
#...§##........##
#....##...........
#.......).........
#.................
#.......####......
#####...# ..)..# #####
.....'


You could see Dowan (fast).

Vanquished Creatures
  Duvessa (D:4)
  The ghost of randomguy2701 the Grave Robber, an amateur DENe (D:3)
  A bullfrog (D:3)
  A scorpion (D:4)
  A howler monkey (D:4)
  A hound (D:4)
  An orc wizard (D:3)
  Terence (D:2)
  2 iguanas (D:4)
  3 river rats (D:3)
  An adder (D:3)
  An ufetubus (D:4)
  An orc (D:4)
  10 ball pythons
  6 endoplasms
  2 giant cockroaches (D:1)
  7 goblins
  9 hobgoblins
  4 jackals
  2 quokkas
  4 bats
  6 frilled lizards
  3 kobolds
  11 rats
80 creatures vanquished.

Notes
Turn   | Place    | Note
-------+----------+-------------------------------------------
     0 | D:1      | Zonian the Octopode Shapeshifter began the quest for the
                  | Orb.
     0 | D:1      | Reached XP level 1. HP: 13/13 MP: 1/1
   200 | D:1      | Reached XP level 2. HP: 18/18 MP: 2/2
   730 | D:1      | Reached XP level 3. HP: 18/23 MP: 3/3
  1313 | D:2      | Noticed Terence
  1324 | D:2      | Killed Terence
  1325 | D:2      | Reached XP level 4. HP: 9/29 MP: 4/4
  1733 | D:3      | Found a faded altar of an unknown god.
  1767 | D:3      | Found a sacrificial altar of Ru.
  1938 | D:3      | Reached XP level 5. HP: 32/35 MP: 5/5
  2195 | D:3      | Found a runed translucent door.
  2196 | D:3      | Noticed randomguy2701's ghost (amateur DENe)
  2215 | D:3      | Killed randomguy2701's ghost
  2216 | D:3      | Reached XP level 6. HP: 28/42 MP: 6/6
  2225 | D:3      | Found a runed translucent door.
  2408 | D:4      | Noticed Dowan
  2409 | D:4      | Noticed Duvessa
  2903 | D:4      | Noticed Blork the orc
  3257 | D:4      | Found a runed translucent gate.
  3257 | D:4      | Found a runed translucent gate.
  3257 | D:4      | Found a runed translucent gate.
  3267 | D:4      | Noticed lxXxl's ghost (novice GrWn)
  3384 | D:4      | Found Askuloun's Book Emporium.
  3415 | D:4      | Reached XP level 7. HP: 45/46 MP: 7/7
  3431 | D:4      | Killed Duvessa
  3890 | D:4      | HP: 2/47 [Dowan/shard of ice (13)]
  3892 | D:4      | Succumbed to Dowan's poison

Illustrated notes

Levels and vault maps discovered:
D:1:      eino_arrival_druids_welcome, layout_basic, minmay_misc_feat_room,
          minmay_vboxes
D:2:      layout_basic, uniq_terence
D:3:      layout_rooms, nicolae_ru_great_annihilating_truth,
          basic_ecumenical_altar, ebering_ghost_sewer_f,
          roderic_cross_of_infinity
D:4:      layout_basic, gammafunk_ghost_necromancy, serial_shops, shop,
          uniq_blork_the_orc, uniq_duvessa

Skill      XL: |  1  2  3  4  5  6  7 |
---------------+----------------------+-----
Fighting       | 2 3 |  3.7
Dodging        | 3 4 |  4.1
Unarmed Combat | 4 |  4.8
Shapeshifting  | 4 |  4.3

Action                     |  1- 3 |  4- 6 |  7- 9 || total
---------------------------+-------+-------+-------++-------
  Melee: Unarmed           |    74 |    75 |    19 ||   168
         Constrict         |    23 |    18 |     4 ||    45
         Tentacles         |    10 |    16 |     4 ||    30
         Punch             |       |     3 |     2 ||     5
    Use: Scroll            |       |     1 |       ||     1
         Potion            |       |       |     3 ||     3
   Stab: Sleeping          |     8 |     7 |     1 ||    16
 Armour: Skin              |     6 |     2 |       ||     8
  Dodge: Dodged            |    40 |    40 |    10 ||    90

Table legend: (Time is in decaauts)
 A = Elapsed time spent in this place.
 B = Non-inter-level travel time spent in this place.
 C = Inter-level travel time spent in this place.
 D = Time resting spent in this place.
 E = Time spent auto-exploring this place.
 F = Levels seen in this place.
 G = Mean time per level.
                   A        B        C        D        E       F      G
               +--------+--------+--------+--------+--------+-----+--------+
         Total |   3880 |   3744 |    136 |   1323 |   1783 |   4 |  970.0 |
       Dungeon |   3880 |   3744 |    136 |   1323 |   1783 |   4 |  970.0 |
               +--------+--------+--------+--------+--------+-----+--------+

Top non-repeatable levels by time:
     D:3: 1253 daAuts
     D:4: 939 daAuts
     D:2: 894 daAuts
     D:1: 792 daAuts
